 Dungeon Crawl Stone Soup version 0.28-a0-895-g6e5f11bd55 (webtiles) character file.

Game seed: 116293523311858786

33 mcbry74 the Conjurer (level 3, 0/14 HPs)
             Began as a Felid Conjurer on Nov 22, 2021.
             Was a Follower of Yredelemnul.
             Frozen to death by an endoplasm (4 damage)
             ... on level 2 of the Dungeon.
             The game lasted 00:07:59 (2480 turns).

mcbry74 the Conjurer (Felid Conjurer)               Turns: 2480, Time: 00:08:00

Health: 0/14       AC:  1    Str:  3    XL:     3   Next: 12%
Magic:  7/7        EV: 17    Int: 20    God:    Yredelemnul [*.....]
Gold:   99         SH:  0    Dex: 14    Spells: 5/6 levels left
                                        Lives:  0   Deaths: 0

rFire   . . .      SeeInvis +     - Unarmed
rCold   . . .      Faith    .   (shield unavailable)
rNeg    . . .      Spirit   .   (armour unavailable)
rPois   .          Reflect  .   (helmet unavailable)
rElec   .          Harm     .   (cloak unavailable)
rCorr   .          Rampage  .   (gloves unavailable)
Will    .....                   (boots unavailable)
Stlth   ++........              (no amulet)
HPRegen 0.04/turn               (no ring)
MPRegen 0.10/turn               (no ring)

@: quick
A: very small, claws 1, fangs 3, see invisible, speed 1, shaggy fur 1, stealthy
paws, no weapons or thrown items, no armour, multi-lived
a: Renounce Religion, Animate Remains


You were on level 2 of the Dungeon.
You worshipped Yredelemnul.
Yredelemnul was aware of your devotion.
You visited 1 branch of the dungeon, and saw 2 of its levels.

You collected 99 gold pieces.

Inventory:

Missiles
 b - 2 silver javelins
 c - 2 stones
Scrolls
 a - a scroll of identify {unknown}


   Skills:
 - Level 2.6 Dodging
 - Level 2.6 Stealth
 * Level 1.5 Unarmed Combat
 - Level 2.0 Spellcasting
 + Level 4.2 Conjurations
 + Level 0.3 Invocations


You had 5 spell levels left.
You knew the following spells:

 Your Spells              Type           Power      Damage    Failure   Level
a - Magic Dart            Conj           72%        1d6       2%          1

Your spell library contained the following spells:

 Spells                   Type           Power      Damage    Failure   Level
 Searing Ray              Conj           36%        2d5       4%          2
 Conjure Flame            Conj/Fire      10%        6-21      21%         3
 Dazzling Flash           Conj/Hex       20%        N/A       21%         3
 Ignite Poison            Fire/Tmut/Pois 2%         N/A       43%         3
 Fulminant Prism          Conj/Hex       5%         3d7       54%         4
 Iskenderun's Mystic Bla  Conj/Tloc      10%        2d4       54%         4
 Sticky Flame             Conj/Fire      10%        2d3       54%         4


Dungeon Overview and Level Annotations

Branches:
Dungeon (2/15)

Altars:
Yredelemnul

Shops:
D:2 (


Innate Abilities, Weirdness & Mutations

You have sharp claws.
You have razor-sharp teeth.
You have supernaturally acute eyesight. (SInv)
You cover ground quickly. (Speed+)
You are covered in fur. (AC +1)
Your paws help you pounce on unaware monsters.
You are incapable of wielding weapons or throwing items.
You cannot wear armour.
You gain extra lives every three experience levels.


Message History

Your ball python zombie closely misses the hobgoblin.
Your ball python zombie grabs the hobgoblin.
Your ball python zombie constricts the hobgoblin.
You scratch the hobgoblin.
The hobgoblin is almost dead.
The hobgoblin barely misses you.
Your ball python zombie barely misses the hobgoblin.
Your ball python zombie constricts the hobgoblin.
You scratch the hobgoblin.
You kill the hobgoblin!
Yredelemnul accepts your kill.
You scratch the ball python.
You kill the ball python!
Yredelemnul accepts your kill.
You scratch the rat but do no damage. The rat misses you.
You scratch the rat.
The rat is moderately wounded.
Your ball python zombie bites the rat.
Your ball python zombie grabs the rat.
Your ball python zombie constricts the rat.
The rat dies!
Yredelemnul accepts your kill.
You scratch the endoplasm but do no damage.
Your ball python zombie bites the endoplasm.
The endoplasm freezes you.
You are frozen.
You barely miss the endoplasm.
The endoplasm is lightly wounded.
Your ball python zombie bites the endoplasm.
The endoplasm freezes you.
You are frozen.
* * * LOW HITPOINT WARNING * * *
You scratch the endoplasm but do no damage.
The endoplasm is moderately wounded.
Your ball python zombie bites the endoplasm but does no damage.
You scratch the endoplasm but do no damage.
The endoplasm is moderately wounded.
The endoplasm freezes you.
You are frozen.
You die...
Your body rises from the dead as a mindless zombie.

######## ###......#
#..Z.....# #.#####..#
#.#?#.#..# #.#(..#..#
######### #ZJ...#..#
#.......# #@#?..#..#
#....<..# #.#(#.#..######
#.......######.#####........
#.........##.........#######
#.......#...........####...
#...............###.......#
#.......###.###∩...<..###.<
###########.###...#####
##.........#


You could see an endoplasm (ally target) and a friendly ball python zombie.

Vanquished Creatures
  A worm (D:2)
  A dart slug (D:1)
  4 ball pythons
  5 bats
  2 giant cockroaches (D:1)
  3 goblins
  A hobgoblin (D:2)
  2 frilled lizards
  4 kobolds
23 creatures vanquished.

Vanquished Creatures (collateral kills)
  2 endoplasms
  A kobold (D:1)
  A frilled lizard (D:2)
  A rat (D:2)
5 creatures vanquished.

Vanquished Creatures (others)
  2 bat zombies
  A ball python zombie (D:2)
  A kobold zombie (D:2)
4 creatures vanquished.

Grand Total: 32 creatures vanquished

Notes
Turn   | Place    | Note
-------+----------+-------------------------------------------
     0 | D:1      | mcbry74 the Felid Conjurer began the quest for the Orb.
     0 | D:1      | Reached XP level 1. HP: 7/7 MP: 4/4
   464 | D:1      | Found a faded altar of an unknown god.
   470 | D:1      | Prayed at the altar of an unknown god.
   470 | D:1      | Became a worshipper of Yredelemnul the Dark
   470 | D:1      | Reached * piety under Yredelemnul
   483 | D:1      | Reached XP level 2. HP: 5/11 MP: 6/6
   916 | D:1      | Reached skill level 1 in Unarmed Combat
  1151 | D:1      | Reached skill level 4 in Conjurations
  1648 | D:2      | Found Tiocanu's Antique Weapon Emporium.
  1914 | D:2      | Reached XP level 3. HP: 9/14 MP: 2/7
  2480 | D:2      | Frozen to death by an endoplasm

Illustrated notes

Levels and vault maps discovered:
D:1:      minmay_arrival_four_circles, layout_loops_ring,
          dreamdust_ecumenical_altar_angels_and_demons,
          chequers_serial_rivers_micro_a
D:2:      layout_rooms, serial_shops, shop, st_stairs_10, minmay_split_cup_large

Skill      XL: |  1  2 |
---------------+-------+-----
Unarmed Combat | 1 |  1.5
Conjurations   | 4 |  4.2
Dodging        | |  2.6
Stealth        | |  2.6
Spellcasting   | |  2.0
Invocations    | |  0.3

Action                   || total
-------------------------++-------
Melee: Unarmed           ||    92
       Bite              ||     3
 Cast: Magic Dart        ||     8
Invok: Animate Remains   ||     6
 Stab: Sleeping          ||     4
Armor: Skin              ||     6
Dodge: Dodged            ||    63

Table legend: (Time is in decaauts)
 A = Elapsed time spent in this place.
 B = Non-inter-level travel time spent in this place.
 C = Inter-level travel time spent in this place.
 D = Time resting spent in this place.
 E = Time spent auto-exploring this place.
 F = Levels seen in this place.
 G = Mean time per level.
                   A        B        C        D        E       F      G
               +--------+--------+--------+--------+--------+-----+--------+
         Total |   2302 |   2277 |     25 |    572 |   1326 |   2 | 1151.0 |
       Dungeon |   2302 |   2277 |     25 |    572 |   1326 |   2 | 1151.0 |
               +--------+--------+--------+--------+--------+-----+--------+

Top non-repeatable levels by time:
     D:1: 1526 daAuts
     D:2: 776 daAuts
